 Dungeon Crawl Stone Soup version 0.26-a0-466-g989023bd0d (webtiles) character file.

Game seed: 17234096586969541744

88687 vurker the Gelid (level 16, -1/104 HPs)
             Began as a Kobold Ice Elementalist on July 30, 2020.
             Was the Champion of Vehumet.
             Killed from afar by a deep elf mage (28 damage)
             ... with a bolt of lightning
             ... on level 1 of the Elven Halls.
             The game lasted 00:52:47 (36640 turns).

vurker the Gelid (Kobold Ice Elementalist)         Turns: 36640, Time: 00:52:48

Health: -1/104     AC: 12    Str:  5    XL:     16   Next: 41%
Magic:  20/36      EV: 16    Int: 31    God:    Vehumet [******]
Gold:   817        SH:  0    Dex: 21    Spells: 35/48 levels left

rFire    + . .     SeeInvis .   a - +8 whip "Snakebite" {curare, rPois}
rCold    . . .     Faith    .   (shield restricted)
rNeg     . . .     Spirit   .   I - +1 robe of Xom's Favour {*Slow rPois rF+ MR+}
rPois    +         Reflect  .   h - +0 helmet
rElec    .         Harm     .   c - +0 cloak
rCorr    .                      H - +0 pair of gloves
MR       ++...                  m - +1 pair of boots
Stlth    ++++......             e - amulet of regeneration
HPRegen  0.67/turn              T - +6 ring of intelligence
MPRegen  0.25/turn              S - ring "Hoymosif" {AC+4 Int+3 Dex+4}

@: frozen ramparts, slowed, studying Polearms, very slow
A: small, nightstalker 3
a: Renounce Religion


You were on level 1 of the Elven Halls.
You worshipped Vehumet.
Vehumet was exalted by your worship.
You visited 5 branches of the dungeon, and saw 25 of its levels.
You also visited: Sewer and Ossuary.

You collected 2586 gold pieces.
You spent 1769 gold pieces at shops.

Inventory:

Hand Weapons
 a - the +8 whip "Snakebite" (weapon) {curare, rPois}
   (You found it on level 3 of the Lair of Beasts)

   It poisons the flesh of those it strikes.
   It protects you from poison.
 b - a +2 whip of flaming
   (You took it off Pikel on level 5 of the Dungeon)
Armour
 c - a +0 cloak (worn)
   (You found it on level 1 of the Dungeon)
 h - a +0 helmet (worn)
   (You took it off Robin on level 2 of the Dungeon)
 m - a +1 pair of boots (worn)
   (You found it on level 1 of the Dungeon)
 F - +0 acid dragon scales
   (You took it off Maggie on level 9 of the Dungeon)
 H - a +0 pair of gloves (worn)
   (You found it on level 10 of the Dungeon)
 I - the +1 robe of Xom's Favour (worn) {*Slow rPois rF+ MR+}
   (You found it on level 10 of the Dungeon)

   It protects you from fire.
   It protects you from poison.
   It affects your resistance to hostile enchantments.
   It may slow you when you take damage.
Jewellery
 e - an amulet of regeneration (around neck)
   (You found it on level 4 of the Dungeon)
 i - an uncursed ring of see invisible
   (You found it on level 1 of the Dungeon)
 K - the ring "Wukhlu" {+Blink rPois rC+ Str-4 Dex+6}
   (You found it on level 6 of the Lair of Beasts)

   [ring of dexterity]

   It affects your strength (-4).
   It affects your dexterity (+6).
   It protects you from cold.
   It protects you from poison.
   It lets you blink.
 L - an uncursed ring of positive energy
   (You found it on level 1 of the Lair of Beasts)
 O - an uncursed ring of protection from cold
   (You found it on level 6 of the Lair of Beasts)
 S - the ring "Hoymosif" (right hand) {AC+4 Int+3 Dex+4}
   (You bought it in a shop on level 2 of the Orcish Mines)

   [ring of protection]

   It affects your AC (+4).
   It affects your intelligence (+3).
   It affects your dexterity (+4).
 T - a +6 ring of intelligence (left hand)
   (You found it on level 13 of the Dungeon)
Wands
 d - a wand of iceblast (20)
   (You found it on level 10 of the Dungeon)
 q - a wand of polymorph (24)
   (You found it on level 13 of the Dungeon)
 t - a wand of flame (17)
   (You found it on level 7 of the Dungeon)
 u - a wand of paralysis (39)
   (You took it off Pikel on level 5 of the Dungeon)
 v - a wand of digging (13)
   (You found it on level 11 of the Dungeon)
 x - a wand of acid (4)
   (You found it on level 7 of the Dungeon)
 E - a wand of clouds (2)
   (You found it on level 11 of the Dungeon)
Scrolls
 f - 15 scrolls of teleportation
 j - 4 scrolls of enchant armour
 l - 17 scrolls of remove curse
 s - 3 scrolls of immolation
 y - 4 scrolls of fog
 z - 6 scrolls of amnesia
 D - 6 scrolls of enchant weapon
 G - 2 scrolls of blinking
 P - 3 scrolls of identify
 Q - 2 scrolls of summoning
 R - 2 scrolls of magic mapping
 U - 2 scrolls of brand weapon
Potions
 g - 8 potions of heal wounds
 k - 2 potions of mutation
 n - 8 potions of curing
 o - 6 potions of brilliance
 p - 4 potions of lignification
 r - 4 potions of magic
 w - 3 potions of flight
 B - 2 potions of cancellation
 C - 2 potions of haste
 J - a potion of invisibility
 M - 2 potions of resistance
 N - 5 potions of ambrosia
Books
 V - a manual of Polearms
   (You found it on level 15 of the Dungeon)
Miscellaneous
 A - a lightning rod (4/4)
   (You found it on level 6 of the Dungeon)


   Skills:
 + Level 13.2 Fighting
 - Level 2.4 Dodging
 - Level 2.6 Stealth
 * Level 16.7 Spellcasting
 - Level 3.0 Conjurations
 - Level 3.0 Summonings
 * Level 17.1 Ice Magic


You had 35 spell levels left.
You knew the following spells:

 Your Spells              Type           Power        Failure   Level
a - Freeze                Ice            ####         0%          1
b - Frozen Ramparts       Ice            ######       0%          3
c - Hailstorm             Conj/Ice       ######..     1%          4
d - Summon Ice Beast      Ice/Summ       ######..     1%          4
p - Apportation           Tloc           ####..       1%          1

Your spell library contained the following spells:

 Spells                   Type           Power        Failure   Level
 Lee's Rapid Deconstruct  Erth           ####......   12%         5
 Ozocubu's Armour         Ice            #######.     0%          3
 Animate Skeleton         Necr           ####..       1%          1
 Corona                   Hex            ####...      1%          1
 Shock                    Conj/Air       ####         1%          1
 Sting                    Tmut/Pois      ####         1%          1
 Summon Small Mammal      Summ           ####         1%          1
 Ignite Poison            Fire/Tmut/Pois ####....     1%          3
 Mephitic Cloud           Conj/Pois/Air  ####....     1%          3
 Static Discharge         Conj/Air       #####...     1%          3
 Poisonous Vapours        Pois/Air       ####..       2%          2
 Swiftness                Air            ####....     2%          2
 Airstrike                Air            ####......   4%          4
 Olgreb's Toxic Radiance  Pois           ####....     4%          4
 Lightning Bolt           Conj/Air       #####.....   7%          5
 Summon Demon             Summ           #####.....   13%         5
 Summon Forest            Summ/Tloc      #####.....   24%         5
 Summon Mana Viper        Hex/Summ       #####...     24%         5
 Shadow Creatures         Summ           N/A          58%         6
 Summon Hydra             Summ           #####.....   99%         7


Dungeon Overview and Level Annotations

Branches:
Dungeon (15/15)            Temple (1/1) D:4            Lair (6/6) D:10
 Shoals (0/4) Lair:3       Spider (0/4) Lair:3        Slime (0/5) Lair:6
    Orc (2/2) D:11            Elf (1/3) Orc:2        Vaults (0/5) D:14
 Depths (0/5) D:15          Sewer (visited)         Ossuary (visited)

Altars:
Ashenzari
Dithmenos
Elyvilon
Fedhas
Hepliaklqana
Kikubaaqudgha
Makhleb
Nemelex Xobeh
Okawaru
Qazlal
Ru
Sif Muna
Uskayaw
Vehumet
Wu Jian
Xom
Yredelemnul
Zin
Beogh
Jiyva

Shops:
D:15 }   Orc:2 =?(!:?[

Annotations:
D:6 2 transporters
D:11 2 transporters
Lair:6 2 runed translucent doors


Innate Abilities, Weirdness & Mutations

You are small and have problems with some larger weapons.
You are completely attuned to the shadows.


Message History

The wall freezes the +3 mace of holy wrath.
The +3 mace of holy wrath closely misses you.
The wall freezes the deep elf mage.
A chill wind blows around you.
The +3 mace of holy wrath resists.
The wall freezes the +3 mace of holy wrath.
The +3 mace of holy wrath barely misses you.
The wall freezes the deep elf mage!
The +3 mace of holy wrath completely resists.
The wall freezes the +3 mace of holy wrath but do no damage.
The +3 mace of holy wrath hits you.
The wall freezes the deep elf mage. x2
The deep elf mage gestures at you while chanting.
The bolt of lightning hits the +3 mace of holy wrath.
The +3 mace of holy wrath completely resists.
The bolt of lightning hits you!
The wall freezes the deep elf mage.
A chill wind blows around you.
The +3 mace of holy wrath completely resists.
The wall freezes the +3 mace of holy wrath but do no damage.
The +3 mace of holy wrath hits you but does no damage.
The +3 mace of holy wrath completely resists.
The wall freezes the +3 mace of holy wrath but do no damage.
The +3 mace of holy wrath hits you but does no damage.
The wall freezes the deep elf mage!
The deep elf mage points at you and mumbles some strange words.
The bolt of lightning hits the +3 mace of holy wrath.
The +3 mace of holy wrath completely resists.
The bolt of lightning hits you!
* * * LOW HITPOINT WARNING * * *
The bolt of lightning misses your ice beast.
Your ice beast hits the +3 mace of holy wrath.
Your ice beast freezes the +3 mace of holy wrath.
The +3 mace of holy wrath resists.
The wall freezes the deep elf mage.
The deep elf mage gestures at you while chanting.
The bolt of cold misses the +3 mace of holy wrath.
The bolt of cold hits you!!
* * * LOW HITPOINT WARNING * * *
You hear a shout!
The wall freezes the +3 mace of holy wrath but do no damage.
The wall freezes the deep elf mage!
The wall freezes the +3 mace of holy wrath but do no damage.
The +3 mace of holy wrath barely misses you.
Your ice beast hits the +3 mace of holy wrath.
Your ice beast freezes the +3 mace of holy wrath.
The +3 mace of holy wrath resists.
The wall freezes the deep elf mage!
The deep elf mage casts a spell.
The wall freezes the deep elf mage!
The deep elf mage gestures at you while chanting.
The bolt of lightning hits the +3 mace of holy wrath.
The +3 mace of holy wrath completely resists.
The bolt of lightning hits you!!
You die...

#.# #.# #.# #.#.... #.#
#.#.... #.# #.#....
##########.######Y#eY..
...........#....@(e....
##########......Y.#..).
####################...
........# #.. .#...#..#
#. ###.###.# .#..)#.)#
....)...# #######)#


You could see 2 deep elf magi, an ice beast (summoned), a +3 mace of holy wrath
and 2 friendly ice beasts.

Vanquished Creatures
  A fire giant (D:15)
  An ironheart preserver (D:14)
  Snorg (Lair:5)
  A fire dragon (Lair:6)
  Josephine (Lair:4)
  6 hydras
  6 centaur warriors
  A catoblepas (D:13)
  3 ogre magi
  5 two-headed ogres
  9 death yaks
  A tengu warrior (D:15)
  Nergalle (Orc:2)
  Sonja (D:13)
  A deep elf knight (Elf:1)
  A fire crab (D:15)
  A skeletal warrior (D:14)
  A swamp dragon (Lair:6)
  3 orc knights
  2 lindwurms (Lair:6)
  Pikel (D:5)
  5 deep elf magi
  7 orc sorcerers (Orc:2)
  A wolf spider zombie (D:15)
  An orb spider (Lair:3)
  3 cyclopes
  A manticore (D:15)
  5 ugly things
  5 torpor snails (Lair:6)
  5 black mambas
  9 cane toads
  Maggie (D:9)
  4 gargoyles
  A kobold demonologist (D:12)
  4 rime drakes
  A freezing wraith (D:15)
  10 komodo dragons
  3 polar bears
  Grinder (D:5)
  A queen bee (Lair:2)
  6 trolls
  A polar bear (shapeshifter) (D:14)
  5 hornets (Lair:6)
  Prince Ribbit (D:5)
  2 tyrant leeches (Lair:6)
  A slime creature (D:6)
  14 hippogriffs
  3 dream sheep (Lair:6)
  2 shadows (D:11)
  6 wraiths
  A wyvern (D:14)
  A vampire (D:12)
  4 basilisks
  39 yaks
  6 vampire mosquitoes
  2 steam dragons
  2 wargs
  Edmund (D:5)
  17 water moccasins
  3 acid dragons
  7 porcupines
  3 swamp drakes (Lair:6)
  5 ice beasts
  4 sky beasts
  14 orc warriors
  Purgy (Sewer)
  2 phantoms
  3 black bears
  A necrophage (D:5)
  6 centaurs
  10 wolves
  7 ogres
  10 crocodiles
  3 lemures (D:5)
  6 big kobolds
  17 bullfrogs
  A wyvern zombie (D:13)
  A troll zombie (D:11)
  3 scorpions
  17 killer bees (Lair:2)
  12 wights
  A howler monkey (D:5)
  4 electric eels
  6 hounds
  A bullfrog zombie (D:6)
  A quasit (D:11)
  3 bullfrog skeletons
  A human zombie (Ossuary)
  3 centaur skeletons
  13 orc priests
  3 centaur zombies
  6 jellies
  32 orc wizards
  Jessica (D:2)
  Terence (D:3)
  5 iguanas
  Natasha (thrice) (D:2)
  3 hell rats (Lair:3)
  8 worker ants
  A big kobold zombie (Ossuary)
  An ogre zombie (D:11)
  3 hound skeletons
  A hound zombie (D:5)
  4 mummies (Ossuary)
  A worker ant zombie (D:9)
  Robin (D:2)
  13 adders
  3 gnolls (D:4)
  3 river rats (Lair:3)
  4 white imps
  6 oozes
  4 ufetubi
  3 adder skeletons
  2 dart slugs
  A worm (D:3)
  3 leopard geckos
  73 orcs
  4 ball pythons
  10 bats
  3 bat skeletons (D:9)
  4 bat zombies (D:9)
  7 giant cockroaches
  16 goblins
  16 hobgoblins
  8 jackals
  34 kobolds
  5 quokkas
  21 frilled lizards
  3 goblin skeletons (D:11)
  3 goblin zombies
  A hobgoblin skeleton (D:11)
  2 hobgoblin zombies (Ossuary)
  A leopard gecko zombie (D:6)
  4 orc skeletons (D:11)
  12 orc zombies
  2 quokka zombies (D:6)
  13 rats
  12 fungi
  4 plants
773 creatures vanquished.

Vanquished Creatures (collateral kills)
  A hydra (Lair:5)
  An ogre mage (Orc:2)
  A two-headed ogre (D:15)
  A death yak (Lair:6)
  6 ugly things
  Joseph (D:8)
  2 centaur zombies (D:15)
  A centaur skeleton (D:14)
  2 cane toads
  A tyrant leech (Lair:6)
  2 hornets (Lair:6)
  2 dream sheep (Lair:6)
  4 slime creatures
  2 wraiths
  2 yaks (D:9)
  2 steam dragons
  A vampire mosquito (D:14)
  A water moccasin (Lair:5)
  An orc warrior (D:11)
  A swamp drake (Lair:6)
  2 ice beasts
  An ogre (D:15)
  A wolf (D:10)
  A necrophage (D:11)
  A crocodile (Lair:6)
  A wyvern zombie (D:7)
  A jelly (D:15)
  3 troll zombies (D:11)
  2 wights (D:7)
  A bullfrog zombie (D:12)
  An orc wizard (Orc:2)
  3 ogre zombies (D:11)
  2 mummies (Ossuary)
  A hound simulacrum (D:10)
  A white imp (D:10)
  A worker ant simulacrum (D:10)
  An ooze (D:6)
  2 orc zombies (D:11)
61 creatures vanquished.

Vanquished Creatures (others)
  An unseen horror (D:11)
  A troll (D:11)
  An orc warrior (D:11)
  A centaur (D:11)
  A bullfrog (D:11)
  A hound (D:11)
  An ufetubus (D:10)
  An orc (D:11)
  2 orc zombies (D:11)
  12 fungi
  6 plants
  10 toadstools (D:6)
38 creatures vanquished.

Grand Total: 872 creatures vanquished

Notes
Turn   | Place    | Note
-------+----------+-------------------------------------------
     0 | D:1      | vurker the Kobold Ice Elementalist began the quest for the
                  | Orb.
     0 | D:1      | Reached XP level 1. HP: 10/10 MP: 3/3
   617 | D:1      | Reached XP level 2. HP: 14/16 MP: 0/5
   996 | D:1      | Reached skill level 1 in Fighting
   996 | D:1      | Reached XP level 3. HP: 20/20 MP: 2/7
  1001 | D:1      | Learned a level 3 spell: Frozen Ramparts
  1338 | D:2      | Noticed Jessica
  1342 | D:2      | Killed Jessica
  1342 | D:2      | Reached XP level 4. HP: 25/25 MP: 8/8
  2096 | D:2      | Noticed Natasha
  2101 | D:2      | Killed Natasha
  2101 | D:2      | Reached XP level 5. HP: 22/30 MP: 1/10
  2191 | D:2      | Reached skill level 5 in Ice Magic
  2221 | D:2      | Noticed Natasha
  2226 | D:2      | Killed Natasha
  2413 | D:2      | Noticed Robin
  2419 | D:2      | Killed Robin
  2540 | D:2      | Noticed Natasha
  2544 | D:2      | Killed Natasha
  2544 | D:2      | Reached XP level 6. HP: 36/36 MP: 5/12
  2550 | D:2      | Learned a level 4 spell: Hailstorm
  2555 | D:2      | Learned a level 4 spell: Summon Ice Beast
  2824 | D:3      | Found a shattered altar of Ashenzari.
  2844 | D:3      | Noticed Terence
  2852 | D:3      | Killed Terence
  3158 | D:3      | Learned a level 1 spell: Apportation
  3260 | D:3      | Found a shimmering blue altar of Sif Muna.
  4130 | D:4      | Found a staircase to the Ecumenical Temple.
  4138 | Temple   | Entered the Ecumenical Temple
  4215 | Temple   | Became a worshipper of Vehumet
  4291 | D:4      | Found a hide-covered altar of Uskayaw.
  4342 | D:4      | Found a glowing drain.
  4349 | Sewer    | Entered a sewer
  4405 | Sewer    | Reached skill level 1 in Conjurations
  4489 | Sewer    | Noticed Purgy
  4496 | Sewer    | Killed Purgy
  4496 | Sewer    | Reached skill level 1 in Summonings
  4496 | Sewer    | Reached XP level 7. HP: 38/40 MP: 6/13
  5236 | D:4      | Got a slimy leather armour
  5258 | D:4      | Identified the +1 leather armour of Pathos {rC- Dex+7
                  | Slay+2} (You found it on level 4 of the Dungeon)
  5416 | D:5      | Entered Level 5 of the Dungeon
  5622 | D:5      | Reached * piety under Vehumet
  5622 | D:5      | Offered knowledge of Sandblast by Vehumet.
  5693 | D:5      | Reached skill level 6 in Ice Magic
  5695 | D:5      | Reached XP level 8. HP: 35/46 MP: 9/15
  5778 | D:5      | Reached skill level 5 in Spellcasting
  6007 | D:5      | Noticed Pikel
  6032 | D:5      | Killed Pikel
  6118 | D:5      | Reached skill level 7 in Ice Magic
  6124 | D:5      | Noticed Prince Ribbit
  6132 | D:5      | Killed Prince Ribbit
  6132 | D:5      | Reached XP level 9. HP: 32/52 MP: 9/18
  6483 | D:5      | Noticed Edmund
  6493 | D:5      | Killed Edmund
  6867 | D:5      | Noticed Grinder
  6883 | D:5      | Killed Grinder
  7006 | D:6      | Found a sand-covered staircase.
  7013 | D:6      | Reached ** piety under Vehumet
  7021 | D:6      | Offered knowledge of Foxfire by Vehumet.
  7024 | Ossuary  | Entered an ossuary
  7145 | Ossuary  | Reached skill level 5 in Fighting
  7148 | Ossuary  | Reached skill level 8 in Ice Magic
  7440 | D:6      | Noticed a tengu conjurer
  7458 | D:6      | Found a hazy altar of Hepliaklqana.
  7635 | D:6      | Noticed a two-headed ogre
  7641 | D:6      | Found a transporter.
  7926 | D:6      | Offered knowledge of Searing Ray by Vehumet.
  8213 | D:6      | Noticed a slime creature
  8222 | D:6      | Killed a slime creature
  8222 | D:6      | Reached XP level 10. HP: 59/59 MP: 11/22
  8285 | D:6      | Reached *** piety under Vehumet
  8295 | D:6      | Reached skill level 9 in Ice Magic
  8668 | D:6      | Found an ornate altar of the Wu Jian Council.
  8704 | D:6      | Found a transporter.
  8749 | D:6      | Found a sparkling altar of Nemelex Xobeh.
  9151 | D:7      | Offered knowledge of Iskenderun's Mystic Blast by Vehumet.
  9662 | D:7      | Found a sacrificial altar of Ru.
 11141 | D:8      | Noticed Joseph
 11153 | D:8      | Killed Joseph
 11153 | D:8      | Reached skill level 10 in Ice Magic
 11994 | D:9      | Reached **** piety under Vehumet
 12528 | D:9      | Noticed Maggie
 12536 | D:9      | Killed Maggie
 12738 | D:9      | Reached XP level 11. HP: 66/66 MP: 16/24
 12989 | D:9      | Found an ancient bone altar of Kikubaaqudgha.
 13088 | D:10     | Entered Level 10 of the Dungeon
 13223 | D:10     | Found a staircase to the Lair.
 13245 | D:10     | Reached skill level 10 in Spellcasting
 13282 | D:10     | Offered knowledge of Fulminant Prism by Vehumet.
 13952 | D:10     | Got a crude robe
 13963 | D:10     | Identified the +1 robe of Xom's Favour {*Slow rPois rF+
                  | MR+} (You found it on level 10 of the Dungeon)
 14228 | D:10     | Reached skill level 11 in Ice Magic
 14462 | D:11     | Killed an unseen horror
 14696 | D:11     | Noticed a green ugly thing
 14709 | D:11     | Killed a green ugly thing
 14788 | D:11     | Reached ***** piety under Vehumet
 14841 | D:11     | Found a staircase to the Orcish Mines.
 14919 | D:11     | Offered knowledge of Freezing Cloud by Vehumet.
 15420 | D:11     | Noticed a two-headed ogre
 15443 | D:11     | Killed a two-headed ogre
 15680 | D:11     | Noticed a purple ugly thing
 15688 | D:11     | Killed a purple ugly thing
 15864 | D:11     | Found a transporter.
 15885 | D:11     | Noticed a toenail golem
 15897 | D:11     | Reached XP level 12. HP: 74/74 MP: 14/27
 16275 | D:11     | Found a shimmering altar of Xom.
 16328 | D:11     | Noticed a great orb of eyes
 16330 | D:11     | Noticed a hell hog
 16330 | D:11     | Found a transporter.
 16445 | Lair:1   | Entered Level 1 of the Lair of Beasts
 16505 | Lair:1   | Reached skill level 12 in Ice Magic
 18951 | Lair:2   | Reached skill level 13 in Ice Magic
 18954 | Lair:2   | Reached XP level 13. HP: 81/81 MP: 18/29
 19490 | Lair:3   | Reached skill level 10 in Fighting
 19531 | Lair:3   | Offered knowledge of Orb of Destruction by Vehumet.
 19689 | Lair:3   | Noticed a six-headed hydra
 19699 | Lair:3   | Killed a six-headed hydra
 20528 | Lair:3   | Found the +8 whip "Snakebite" {curare, rPois}
 20721 | Lair:3   | Found a staircase to the Shoals.
 20842 | Lair:3   | Reached skill level 14 in Ice Magic
 20889 | Lair:3   | Identified a scroll of acquirement
 20889 | Lair:3   | Acquired 480 gold pieces
 21513 | Lair:3   | Found a hole to the Spider Nest.
 22083 | Lair:4   | HP: 4/84 [rime drake/flash freeze (14)]
 22500 | Lair:5   | Noticed Josephine
 22511 | Lair:4   | Killed Josephine
 22511 | Lair:4   | Reached XP level 14. HP: 44/88 MP: 14/31
 23114 | Lair:5   | Noticed Snorg
 23125 | Lair:5   | Killed Snorg
 23978 | Lair:6   | Entered Level 6 of the Lair of Beasts
 24359 | Lair:6   | Found a runed translucent door.
 24382 | Lair:6   | Found a viscous altar of Jiyva.
 24382 | Lair:6   | Noticed an azure jelly
 24382 | Lair:6   | Noticed an azure jelly
 24558 | Lair:6   | Got a slimy bone ring
 24560 | Lair:6   | Identified the ring "Wukhlu" {+Blink rPois rC+ Str-4 Dex+6}
                  | (You found it on level 6 of the Lair of Beasts)
 24894 | Lair:6   | Found a runed translucent door.
 24975 | Lair:6   | Reached skill level 15 in Ice Magic
 26394 | Lair:6   | Reached skill level 15 in Spellcasting
 26642 | Lair:6   | Found a staircase to the Slime Pits.
 26642 | Lair:6   | Noticed an azure jelly
 26928 | Orc:1    | Entered Level 1 of the Orcish Mines
 27359 | Orc:2    | Entered Level 2 of the Orcish Mines
 27652 | Orc:2    | Offered knowledge of Spellforged Servitor by Vehumet.
 27747 | Orc:2    | Reached XP level 15. HP: 96/96 MP: 15/34
 27896 | Orc:2    | Found a radiant altar of Vehumet.
 28061 | Orc:2    | Noticed Nergalle
 28067 | Orc:2    | Killed Nergalle
 28257 | Orc:2    | Found an ancient bone altar of Kikubaaqudgha.
 28272 | Orc:2    | Found a roughly hewn altar of Beogh.
 28281 | Orc:2    | Found Kari's Magic Scroll Boutique.
 28384 | Orc:2    | Found Coggurha's Distillery.
 28437 | Orc:2    | Found Seilorch's Antique Armour Shop.
 28513 | Orc:2    | Found Verrydun's Book Shop.
 28579 | Orc:2    | Found Redgh's Weapon Shoppe.
 28581 | Orc:2    | Found Woerim's Magic Scroll Boutique.
 28587 | Orc:2    | Bought a scroll of summoning for 171 gold pieces
 28587 | Orc:2    | Bought a scroll of teleportation for 54 gold pieces
 28587 | Orc:2    | Bought a scroll of teleportation for 54 gold pieces
 28587 | Orc:2    | Bought a scroll of teleportation for 54 gold pieces
 28587 | Orc:2    | Bought a scroll of immolation for 63 gold pieces
 28610 | Orc:2    | Found a staircase to the Elven Halls.
 28791 | Orc:2    | Found a roughly hewn altar of Beogh.
 28804 | Orc:2    | Found Mecuil's Jewellery Emporium.
 29085 | Orc:2    | Bought a scroll of teleportation for 42 gold pieces
 29085 | Orc:2    | Bought a scroll of magic mapping for 49 gold pieces
 29085 | Orc:2    | Bought a scroll of magic mapping for 49 gold pieces
 29099 | Orc:2    | Bought a potion of haste for 130 gold pieces
 29099 | Orc:2    | Bought a potion of heal wounds for 65 gold pieces
 29158 | Orc:2    | Bought the ring "Hoymosif" {AC+4 Int+3 Dex+4} for 1038 gold
                  | pieces
 30794 | D:13     | Reached skill level 16 in Ice Magic
 31156 | D:13     | Reached ****** piety under Vehumet
 31584 | D:13     | Noticed Sonja
 31596 | D:13     | Killed Sonja
 32685 | D:14     | Offered knowledge of Fireball by Vehumet.
 33554 | D:14     | Noticed an ironheart preserver
 33564 | D:14     | Killed an ironheart preserver
 33618 | D:14     | Found a gate to the Vaults.
 34042 | D:15     | Entered Level 15 of the Dungeon
 34045 | D:15     | Found Gohas's Gadget Shoppe.
 34339 | D:15     | Reached XP level 16. HP: 37/103 MP: 11/36
 34731 | D:15     | Noticed a fire giant
 35227 | D:15     | Offered knowledge of Lee's Rapid Deconstruction by Vehumet.
 35425 | D:15     | Found a staircase to the Depths.
 35947 | D:15     | Killed a fire giant
 35947 | D:15     | Reached skill level 17 in Ice Magic
 36161 | D:15     | Found Gohas's Gadget Shoppe.
 36271 | D:15     | Found a staircase to the Depths.
 36532 | Elf:1    | Entered Level 1 of the Elven Halls
 36640 | Elf:1    | Killed from afar by a deep elf mage

Illustrated notes

Levels and vault maps discovered:
D:1:      dpeg_arrival_circle_labyrinth_a, layout_basic
D:2:      layout_loops_ring, st_stairs_14, minmay_lizard_pond, uniq_natasha,
          uniq_jessica, uniq_robin
D:3:      layout_basic, lemuel_blue_sif_altar, ashenzari_altar_1, uniq_terence
D:4:      layout_gridville, eat_drink_and_be_merry_uskayaw, temple_pool_b,
          cheibrodos_sewer_entry_drain
D:5:      layout_basic, chequers_serial_rivers_micro_e, uniq_pikel,
          uniq_grinder, uniq_prince_ribbit1, uniq_edmund
D:6:      cheibrodos_fertilizer, layout_loops_corners,
          gammafunk_temple_overflow_arena, nemelex_xobeh_ov_fountains_minmay,
          kennysheep_mini, enter_ossuary_4
D:7:      layout_layer_cave, nicolae_ru_sacrificial_ziggurat,
          kennysheep_generic_room_12
D:8:      layout_gridville, nicolae_overflow_hidden_temple, uniq_joseph
D:9:      layout_loops_corners, kennysheep_vampire_church, uniq_maggie
D:10:     layout_roguey, lair_entry_dummy, serial_ice, serial_ice_f,
          serial_ice_d, serial_ice_a, serial_ice_g, serial_ice_l, serial_ice_b,
          serial_ice_n, serial_ice_c
D:11:     minmay_bubble_buster, layout_long_grid, zombieorc2_lemuel,
          gammafunk_ghost_abyssal_escape, xom_confusion_cloud
D:12:     layout_basic
D:13:     layout_loops_ring, uniq_sonja
D:14:     layout_loops_ring, skrybe_vaults_entry_preservation,
          small_statue_intersection
D:15:     grunt_enter_depths_giant_problem, layout_basic, serial_shops,
          nicolae_shop_trees, hangedman_decor_riveting
Temple:   eino_temple_lava
Lair:1:   layout_big_grid, beast_lair_carwin_11, grunt_megastairs_3,
          serial_bayou_shore_a
Lair:2:   layout_loops_ring, special_room [special_room_bee]
Lair:3:   minmay_guarded_unrand_snakebite, layout_hall_layers,
          elwin_shoals_entry_rocks, nicolae_spider_entry_orb_guardian,
          kennysheep_abandoned_house
Lair:4:   layout_misc_corridors
Lair:5:   layout_layer_cave, gauntlet_entry_generic, uniq_snorg, uniq_josephine
Lair:6:   wormcave, layout_long_grid, guppyfry_lair_end_dragon, slime_altar_2
Orc:1:    layout_caves, uniq_erolcha
Orc:2:    kennysheep_orc_mage_school, layout_caves, serial_shops, shop, shop,
          nicolae_shop_statue_plus, basic_altar
Elf:1:    eino_elf_arrival_customs, layout_gridlike, minmay_elf_necromancy,
          hangedman_elven_ridges, solitary_fountain

Skill      XL: |  1  2  3  4  5  6  7  8  9 10 11 12 13 14 15 16 |
---------------+-------------------------------------------------+-----
Fighting       | 1 2 3 4 5 7 8 9 10 11 12 13 | 13.2
Spellcasting   | 3 4 6 8 9 11 12 13 15 16 | 16.7
Ice Magic      | 5 6 7 8 10 11 13 14 15 16 17 | 17.1
Conjurations   | 1 2 3 |  3.0
Summonings     | 1 2 3 |  3.0
Dodging        | |  2.4
Stealth        | |  2.6

Action                   |  1- 3 |  4- 6 |  7- 9 | 10-12 | 13-15 | 16-18 || total
-------------------------+-------+-------+-------+-------+-------+-------++-------
Melee: Dagger            |    22 |    41 |   143 |    22 |       |       ||   228
       Whip              |       |       |   120 |   238 |   113 |    33 ||   504
 Cast: Freeze            |    32 |    87 |    73 |   121 |   201 |    13 ||   527
       Frozen Ramparts   |       |    10 |    31 |    45 |    62 |    10 ||   158
       Hailstorm         |       |     1 |     4 |   172 |   392 |    57 ||   626
       Summon Ice Beast  |       |       |     9 |    51 |    91 |    11 ||   162
Evoke: Wand              |       |       |       |       |    13 |     3 ||    16
  Use: Scroll            |     2 |     6 |     7 |     7 |     9 |       ||    31
       Potion            |       |       |       |     2 |     1 |       ||     3
 Stab: Sleeping          |     3 |    12 |    12 |    10 |       |       ||    37
       Distracted        |       |       |     2 |     3 |     3 |       ||     8
Armor: Robe              |     9 |    26 |    73 |   106 |   123 |    23 ||   360
Dodge: Dodged            |    43 |    84 |   256 |   424 |   396 |    75 ||  1278

Table legend: (Time is in decaauts)
 A = Elapsed time spent in this place.
 B = Non-inter-level travel time spent in this place.
 C = Inter-level travel time spent in this place.
 D = Time resting spent in this place.
 E = Time spent auto-exploring this place.
 F = Levels seen in this place.
 G = Mean time per level.
                   A        B        C        D        E       F      G
               +--------+--------+--------+--------+--------+-----+--------+
         Total |  36870 |  35637 |   1233 |    276 |  30375 |  27 | 1365.6 |
       Dungeon |  23206 |  22543 |    663 |    175 |  19110 |  15 | 1547.1 |
        Temple |     84 |     78 |      6 |      0 |     72 |   1 |   84.0 |
          Lair |  10446 |  10073 |    373 |    101 |   8847 |   6 | 1741.0 |
  Orcish Mines |   2235 |   2046 |    189 |      0 |   1740 |   2 | 1117.5 |
   Elven Halls |    109 |    109 |      0 |      0 |     78 |   1 |  109.0 |
         Sewer |    384 |    384 |      0 |      0 |    320 |   1 |  384.0 |
       Ossuary |    403 |    403 |      0 |      0 |    207 |   1 |  403.0 |
               +--------+--------+--------+--------+--------+-----+--------+

Top non-repeatable levels by time:
  Lair:3: 2404 daAuts
  Lair:6: 2397 daAuts
    D:15: 2354 daAuts
    D:11: 2222 daAuts
   Orc:2: 1929 daAuts
    D:14: 1857 daAuts
  Lair:5: 1817 daAuts
     D:6: 1590 daAuts
     D:7: 1589 daAuts
  Lair:2: 1570 daAuts
    D:12: 1548 daAuts
     D:5: 1540 daAuts
     D:9: 1498 daAuts
    D:10: 1483 daAuts
    D:13: 1464 daAuts
